 Dungeon Crawl Stone Soup version 0.27-a0-1245-g940ed4fa31 (webtiles) character file.

Game seed: 4807849402168033799

18050 dickylongcocking the Fighter (level 12, -20/98 HPs)
             Began as a Djinni Fire Elementalist on June 9, 2021.
             Was an Initiate of Gozag.
             Demolished by a two-headed ogre
             ... wielding a +0 giant spiked club
              (21 damage)
             ... on level 13 of the Dungeon.
             The game lasted 00:25:07 (23851 turns).

dickylongcocking the Fighter (DjFE)                Turns: 23851, Time: 00:25:07

Health: -20/98     AC:  8    Str:  7    XL:     12   Next: 90%
Gold:   311        EV: 14    Int: 24    God:    Gozag SH:  0 Dex: 20

rFire    + + +     SeeInvis +   b - +0 dagger (venom)
rCold    + . .     Faith    .   (no shield)
rNeg     . . .     Spirit   .   T - +0 leather armour
rPois    ∞         Reflect  .   O - +3 crown of Dyrovepreva {rElec Int+2 SInv}
rElec    +         Harm     .   k - scarf {rC+ rF+}
rCorr    .         Rampage  .   K - +1 pair of gloves
Will     +....                  (boots unavailable)
Stlth    ++........             (no amulet)
HPRegen  0.26/turn              L - +6 ring of dexterity
MPRegen  0.00/turn              v - ring of protection from cold

@: flying
A: sickness immunity, fire resistance 2, cold vulnerability 1, float, innate
caster, hp casting, extra vitality 1
a: Renounce Religion, Potion Petition, Call Merchant, Bribe Branch


You were on level 13 of the Dungeon.
You worshipped Gozag.
Gozag was aware of your devotion.
You visited 1 branch of the dungeon, and saw 13 of its levels.

You collected 2220 gold pieces.
You spent 1127 gold pieces at shops.
You paid 782 gold pieces to Gozag.

Inventory:

Hand Weapons
 b - a +0 dagger of venom (weapon)
 j - a +3 dagger
Missiles
 s - 10 curare-tipped darts (quivered)
 H - 4 boomerangs of dispersal
Armour
 a - a +0 robe
 k - a scarf of resistance (worn)
 J - a +0 pair of gloves
 K - a +1 pair of gloves (worn)
 O - the +3 crown of Dyrovepreva (worn) {rElec Int+2 SInv}
   (You bought it in a shop on level 2 of the Dungeon)

   It affects your intelligence (+2).
   It insulates you from electricity.
   It lets you see invisible.
 T - a +0 leather armour (worn)
Magical Staves
 P - a staff of cold
Jewellery
 c - an amulet of guardian spirit
 t - a ring of wizardry
 v - a ring of protection from cold (right hand)
 I - a ring of poison resistance
 L - a +6 ring of dexterity (left hand)
 N - a ring of wizardry
Wands
 q - a wand of polymorph (12)
 x - a wand of iceblast (7)
 D - a wand of paralysis (6)
 G - a wand of flame (9)
 Q - a wand of acid (2)
Scrolls
 e - a scroll of blinking {unknown}
 h - 5 scrolls of amnesia {unknown}
 i - 13 scrolls of identify {unknown}
 l - 2 scrolls of magic mapping {unknown}
 n - 3 scrolls of immolation {unknown}
 y - 2 scrolls of fog {unknown}
 A - a scroll of enchant weapon {unknown}
 B - a scroll of acquirement {unknown}
 C - a scroll of torment {unknown}
 F - 2 scrolls of noise {unknown}
 M - 2 scrolls of enchant armour {unknown}
 R - a scroll of holy word {unknown}
 U - a scroll of fear {unknown}
Potions
 d - 4 potions of curing {unknown}
 f - 2 potions of mutation {unknown}
 g - a potion of attraction {unknown}
 m - 5 potions of lignification {unknown}
 o - a potion of degeneration {unknown}
 r - a potion of invisibility {unknown}
 u - a potion of brilliance {unknown}
 w - 2 potions of haste {unknown}
 z - 2 potions of resistance {unknown}


   Skills:
 - Level 13.0 Fighting
 - Level 0.2 Short Blades
 * Level 3.4 Armour
 * Level 4.7 Dodging
 - Level 1.7 Stealth
 - Level 11.0 Spellcasting
 * Level 3.4 Evocations


You had 3 spell levels left.
You knew the following spells:

 Your Spells              Type           Power      Damage    Failure   Level
a - Foxfire               Conj/Fire      100%       2x1d9     1%          1
b - Conjure Flame         Conj/Fire      60%        6-21      1%          3
c - Inner Flame           Hex/Fire       60%        N/A       1%          3
d - Sticky Flame          Conj/Fire      60%        2d8       1%          4
e - Fireball              Conj/Fire      30%        3d13      1%          5
f - Shock                 Conj/Air       100%       1d9       1%          1
g - Searing Ray           Conj           100%       3d7       1%          2
h - Gell's Gravitas       Tloc           30%        N/A       1%          3
i - Leda's Liquefaction   Hex/Erth       30%        N/A       1%          4
j - Petrify               Tmut/Erth      60%        N/A       1%          4
Your spell library was empty.

Dungeon Overview and Level Annotations

Branches:
Dungeon (12/15)            Temple (0/1) D:5            Lair (0/6) D:11
    Orc (0/2) D:12

Altars:
Elyvilon
Gozag
Trog
Uskayaw
Wu Jian
Xom

Shops:
D:2 [   D:6 =   D:8 [


Innate Abilities, Weirdness & Mutations

You are immune to sickness and miasma.
You are immune to poison.
Your flesh is very heat resistant. (rF++)
You are vulnerable to cold. (rC-)
You float through the air rather than walking.
You learn spells naturally, not from books.
Your magical power is your life essence.
You have superior vitality. (+4 HP)


Message History

You hear a shout!
You hear an angry buzzing noise.
You hear a horrible gurgling sound!
Unknown command.
Unknown command.
Unknown command.
Unknown command.
Casting: Fireball (dangerous; 1% risk of failure)
Confirm with . or Enter, or press ? or * to list all spells.
Aiming: Sticky Flame (mildly dangerous; 1% risk of failure)
Press: ? - help, Shift-Dir - straight line, f - troll
Aim: a troll (heavily wounded, paralysed, 100% to hit)
The sticky flame hits the troll.
The troll is heavily wounded.
The troll is covered in liquid flames!
The troll burns!
The two-headed ogre hits you with a +0 giant spiked club!!
* * * LOW HITPOINT WARNING * * *
The two-headed ogre hits you with a +0 giant spiked club!
* * * LOW HITPOINT WARNING * * *
The skeletal warrior hits the bush with a +0 long sword!!
The orc hits the bush with a +0 mace.
You hear an angry buzzing noise.
Unknown command.
Unknown command.
Unknown command.
Okay, then.
Okay, then.
Okay, then.
Okay, then.
Aiming: Corrosive Bolt
Press: ? - help, Shift-Dir - straight line, f - two-headed ogre, p - troll
Aim: a two-headed ogre, wielding two +0 giant spiked clubs (moderately wounded, 88% to hit)
The bolt of acid hits the two-headed ogre!
The two-headed ogre is splashed with acid.
The acid corrodes the two-headed ogre!
The two-headed ogre is severely wounded.
The troll burns!
The skeletal warrior hits the bush with a +0 long sword!
The two-headed ogre hits you with a +0 giant spiked club!!
You die...
Your body crumbles into a pile of gold.
PP. ... .... #$# .P P.z). #.# . .O..o. #.# # P§P.P.PzP

#.# .##
uP...PzP######.#####..#.#
PPPPPPP.PPP.O(.....$...^....
P.§§P.....P@T.........##.#..
#PPP.P.PPP.P######.###(##.#..
...P.....P.P# #.# #.##.#..
.P.P.P.P.PPP## #.# #.##.#..
P...P.P.....#####.# #(O.....


PPP.PPPPPPP....##.# #####.#. #.#.########.##.# #.#.# #... #$##.# ##.##.# ....
#O##.###.###.#. You could see 2 skeletal warriors, a two-headed ogre (corroded),
a troll (paralysed, burning) and an orc.

Vanquished Creatures
  Harold (D:7)
  A hydra (D:11)
  3 two-headed ogres
  4 skeletal warriors (D:11)
  Pikel (D:7)
  An ugly thing (D:6)
  2 cyclopes
  An unseen horror (D:12)
  A kobold demonologist (D:12)
  Psyche (D:8)
  2 trolls
  A wraith (D:10)
  A shadow (D:10)
  28 yaks
  2 vampires (D:11)
  3 steam dragons
  3 acid dragons
  A water moccasin (D:9)
  2 hornet zombies
  7 orc warriors
  A necrophage (D:7)
  3 ice beasts
  A sky beast (D:7)
  6 ogres
  2 wolves (D:11)
  2 centaurs
  5 kobold brigands
  2 gnoll sergeants
  3 bullfrogs
  A scorpion (D:4)
  A wyvern zombie (D:8)
  3 howler monkeys
  7 hounds
  6 centaur zombies
  3 jellies
  6 orc priests
  Jessica (D:2)
  A bullfrog skeleton (D:5)
  7 orc wizards
  An iguana (D:4)
  Ijyb (D:3)
  2 killer bee zombies
  A hound skeleton (D:5)
  8 gnolls
  8 adders
  A shadow imp (D:4)
  2 white imps (D:6)
  3 ufetubi
  An adder skeleton (D:4)
  A worm (D:2)
  2 dart slugs (D:1)
  50 orcs
  4 bats
  9 endoplasms
  3 giant cockroaches
  4 goblins
  5 hobgoblins
  8 jackals
  4 quokkas
  7 ball pythons
  2 frilled lizards
  19 kobolds
  9 rats
282 creatures vanquished.

Vanquished Creatures (others)
  A cyclops (D:13)
  A meliai (D:13)
  An orc wizard (D:13)
  17 bushes (D:13)
  656 foxfires
676 creatures vanquished.

Grand Total: 958 creatures vanquished

Notes
Turn   | Place    | Note
-------+----------+-------------------------------------------
     0 | D:1      | dickylongcocking the Djinni Fire Elementalist began the
                  | quest for the Orb.
     0 | D:1      | Reached XP level 1. HP: 15/15 MP: 0/0
   656 | D:1      | Reached XP level 2. HP: 5/21 MP: 0/0
  1759 | D:1      | Reached XP level 3. HP: 23/25 MP: 0/0
  1759 | D:1      | Learned a level 1 spell: Shock
  2080 | D:1      | Found a faded altar of an unknown god.
  2742 | D:2      | Reached skill level 1 in Fighting
  2742 | D:2      | Reached XP level 4. HP: 26/32 MP: 0/0
  3110 | D:2      | Noticed Jessica
  3115 | D:2      | Killed Jessica
  3335 | D:2      | Reached skill level 2 in Fighting
  3335 | D:2      | Reached XP level 5. HP: 26/38 MP: 0/0
  3335 | D:2      | Learned a level 2 spell: Searing Ray
  3575 | D:2      | Found Nubapiwk's Antique Armour Emporium.
  4318 | D:3      | Noticed Ijyb
  4332 | D:3      | Killed Ijyb
  4333 | D:3      | Reached XP level 6. HP: 30/45 MP: 0/0
  4646 | D:4      | Reached skill level 3 in Fighting
  5797 | D:4      | Reached skill level 4 in Fighting
  5797 | D:4      | Reached XP level 7. HP: 12/52 MP: 0/0
  5797 | D:4      | Learned a level 3 spell: Gell's Gravitas
  6570 | D:4      | Found a bloodstained altar of Trog.
  6570 | D:4      | Found an ornate altar of the Wu Jian Council.
  6888 | D:5      | Entered Level 5 of the Dungeon
  7315 | D:5      | Found an opulent altar of Gozag.
  7340 | D:5      | Became a worshipper of Gozag Ym Sagoz the Greedy
  7360 | D:5      | Reached skill level 5 in Fighting
  7360 | D:5      | Reached skill level 5 in Spellcasting
  7362 | D:5      | Reached XP level 8. HP: 22/59 MP: 0/0
  7764 | D:5      | Found a staircase to the Ecumenical Temple.
  8029 | D:6      | Noticed a purple ugly thing
  8041 | D:6      | Killed a purple ugly thing
  8042 | D:6      | Reached skill level 6 in Fighting
  8527 | D:6      | Found a shimmering altar of Xom.
  8528 | D:6      | Found Qosediu's Jewellery Shoppe.
  8575 | D:6      | Reached skill level 7 in Fighting
  8575 | D:6      | Reached XP level 9. HP: 60/68 MP: 0/0
  8575 | D:6      | Learned a level 4 spell: Leda's Liquefaction
  9583 | D:6      | Found a hide-covered altar of Uskayaw.
 10001 | D:6      | Reached skill level 8 in Fighting
 10537 | D:7      | Noticed Pikel
 10665 | D:7      | Found a white marble altar of Elyvilon.
 10981 | D:7      | Noticed Harold
 11038 | D:7      | Killed Pikel
 11039 | D:7      | Reached skill level 9 in Fighting
 11039 | D:7      | Reached XP level 10. HP: 30/78 MP: 0/0
 11394 | D:7      | Killed Harold
 11480 | D:7      | Reached skill level 10 in Fighting
 13291 | D:8      | Noticed Psyche
 13298 | D:8      | Killed Psyche
 14003 | D:8      | Reached XP level 11. HP: 13/86 MP: 0/0
 14003 | D:8      | Learned a level 4 spell: Petrify
 14536 | D:8      | Reached skill level 11 in Fighting
 14954 | D:8      | Found Qilemn's Antique Armour Shoppe.
 15091 | D:8      | Bought a pair of runed gloves for 217 gold pieces
 15552 | D:9      | Noticed a two-headed ogre
 15565 | D:9      | Killed a two-headed ogre
 17010 | D:9      | Reached skill level 10 in Spellcasting
 17014 | D:9      | Reached skill level 12 in Fighting
 17847 | D:10     | Entered Level 10 of the Dungeon
 18259 | D:2      | Bought the +3 crown of Dyrovepreva {rElec Int+2 SInv} for
                  | 910 gold pieces
 18259 | D:2      | Found the +3 crown of Dyrovepreva {rElec Int+2 SInv}
 19471 | D:11     | Noticed a two-headed ogre
 19472 | D:11     | Reached XP level 12. HP: 86/96 MP: 0/0
 19475 | D:11     | Killed a two-headed ogre
 20341 | D:11     | Found a staircase to the Lair.
 20585 | D:11     | Noticed a five-headed hydra
 20589 | D:11     | Killed a five-headed hydra
 20722 | D:11     | Noticed a skeletal warrior
 20724 | D:11     | Noticed a skeletal warrior
 20724 | D:11     | Noticed a skeletal warrior
 20727 | D:11     | Noticed a skeletal warrior
 20823 | D:11     | Killed a skeletal warrior
 20832 | D:11     | Killed a skeletal warrior
 20833 | D:11     | Reached skill level 13 in Fighting
 20833 | D:11     | Reached skill level 1 in Armour
 20833 | D:11     | Reached skill level 1 in Evocations
 20875 | D:11     | HP: 4/98 [skeletal warrior/+0 halberd[a skeletal warrior]
                  | (15)]
 21733 | D:11     | Killed a skeletal warrior
 21996 | D:11     | Killed a skeletal warrior
 22469 | D:12     | HP: 2/98 [very large slime creature (55)]
 23031 | D:12     | Noticed a skeletal warrior
 23153 | D:12     | Noticed a two-headed ogre
 23163 | D:12     | Killed a two-headed ogre
 23485 | D:12     | Found a staircase to the Orcish Mines.
 23780 | D:12     | You are sucked into a shaft and drop 1 floor!
 23781 | D:13     | Noticed a two-headed ogre
 23781 | D:13     | Noticed a skeletal warrior
 23824 | D:13     | Noticed a skeletal warrior
 23824 | D:13     | Noticed a skeletal warrior
 23845 | D:13     | Noticed a skeletal warrior
 23850 | D:13     | HP: 1/98 [two-headed ogre/+0 giant spiked club (8)]
 23851 | D:13     | Demolished by a two-headed ogre

Illustrated notes

Levels and vault maps discovered:
D:1:      elethiomel_arrival_infinity_welcomes_careful_drivers,
          layout_loops_ring, basic_ecumenical_altar, minmay_tromino_v4_c
D:2:      minmay_skewed_foursquare, layout_basic, serial_shops, shop_fountains,
          uniq_jessica
D:3:      layout_rooms, uniq_ijyb
D:4:      layout_basic, nicolae_overflow_hidden_temple, minmay_cut_off,
          uniq_duvessa
D:5:      layout_rooms, grunt_gozag_statues, minmay_temple_entry_junction,
          small_statue_intersection
D:6:      layout_loops_ring, amcnicky_altar_gilded, kennysheep_mini,
          serial_shops, shop
D:7:      layout_basic, general_overflow_altar, uniq_harold, uniq_pikel
D:8:      layout_gridville, serial_shops, nicolae_shop_trees, uniq_psyche
D:9:      layout_roguey
D:10:     layout_layer_cave, grunt_decor_cap
D:11:     minmay_angry_zag, layout_irregular_city, erik_lair_island,
          kennysheep_another_room, palyth_stone_intersect
D:12:     layout_gridville, kennysheep_orc_monster_closet_entryway,
          fedhas_bush_and_centaur_altar
D:13:     minmay_blocky_corners, layout_loops_ring, minmay_hedge_maze

Skill      XL: |  1  2  3  4  5  6  7  8  9 10 11 12 |
---------------+-------------------------------------+-----
Spellcasting   | 3 4 5 6 7 9 10 11 | 11.0
Fighting       | 1 2 4 5 7 9 10 12 13 | 13.0
Armour         | 3 |  3.4
Dodging        | 4 |  4.7
Evocations     | 3 |  3.4
Short Blades   | |  0.2
Stealth        | |  1.7

Action                   |  1- 3 |  4- 6 |  7- 9 | 10-12 || total
-------------------------+-------+-------+-------+-------++-------
Melee: Unarmed           |     4 |       |       |       ||     4
       Dagger            |    39 |   111 |    47 |   110 ||   307
Throw: Throwing net      |       |       |       |     2 ||     2
 Cast: Foxfire           |    67 |    61 |   149 |   138 ||   415
       Sticky Flame      |       |     6 |    12 |    44 ||    62
       Inner Flame       |       |     2 |     6 |    25 ||    33
       Conjure Flame     |       |       |    14 |     9 ||    23
       Fireball          |       |       |     8 |    52 ||    60
       Searing Ray       |       |       |     6 |     5 ||    11
       Leda's Liquefacti |       |       |     1 |       ||     1
       Petrify           |       |       |       |     5 ||     5
Invok: Potion Petition   |       |       |       |     3 ||     3
Evoke: Wand              |       |       |       |    10 ||    10
  Use: Potion            |     1 |     3 |     2 |       ||     6
       Scroll            |       |       |     3 |     1 ||     4
 Stab: Sleeping          |       |     3 |     1 |     2 ||     6
       Petrified         |       |       |       |     3 ||     3
Armor: Robe              |     6 |    10 |    17 |    32 ||    65
       Leather armour    |       |       |       |     8 ||     8
Dodge: Dodged            |    43 |    80 |    40 |   117 ||   280

Table legend: (Time is in decaauts)
 A = Elapsed time spent in this place.
 B = Non-inter-level travel time spent in this place.
 C = Inter-level travel time spent in this place.
 D = Time resting spent in this place.
 E = Time spent auto-exploring this place.
 F = Levels seen in this place.
 G = Mean time per level.
                   A        B        C        D        E       F      G
               +--------+--------+--------+--------+--------+-----+--------+
         Total |  23825 |  22649 |   1176 |   6856 |  13330 |  13 | 1832.7 |
       Dungeon |  23825 |  22649 |   1176 |   6856 |  13330 |  13 | 1832.7 |
               +--------+--------+--------+--------+--------+-----+--------+

Top non-repeatable levels by time:
     D:8: 3051 daAuts
     D:6: 2786 daAuts
     D:4: 2685 daAuts
     D:9: 2600 daAuts
    D:11: 2439 daAuts
     D:1: 2318 daAuts
    D:10: 1820 daAuts
     D:7: 1675 daAuts
     D:2: 1426 daAuts
    D:12: 1239 daAuts
     D:3: 916 daAuts
     D:5: 792 daAuts
    D:13: 70 daAuts
